 Dungeon Crawl Stone Soup version 0.30-a0-996-ga6910c8ee8 (webtiles) character file.

Game seed: 10041035923955158290

26245 ytrimaz the Warrior (level 13, -4/115 HPs)
             Began as a Formicid Fighter on Apr 5, 2023.
             Was an Elder of Okawaru.
             Killed from afar by a starcursed mass (8 damage)
             ... with an accursed screaming
             ... in the Arena.
             The game lasted 00:16:41 (12366 turns).

ytrimaz the Warrior (Formicid Fighter)             Turns: 12366, Time: 00:16:42

Health: -4/115     AC: 17    Str: 27    XL:     13   Next: 56%
Magic:  5/17       EV:  8    Int:  7    God:    Okawaru [****..]
Gold:   875        SH: 11    Dex: 13    Spells: 12/12 levels left

rFire   + . .      SeeInvis +    q - +1 broad axe (flame)
rCold   . . .      Faith    .    R - +0 buckler {rF+}
rNeg    + . .      Spirit   .    B - +0 plate armour
rPois   .          Reflect  +    (helmet unavailable)
rElec   .          Rampage  .    o - +0 cloak
rCorr   .                        (no gloves)
Will    ++...                    M - +2 pair of boots {Fly} Stlth
                                 I - amulet of reflection
HPRegen 1.19/turn                h - ring of positive energy
MPRegen 0.15/turn                P - ring of willpower

@: finesse-ful, flying, duelling
A: permanent stasis, dig shafts and tunnels, antennae 3, four strong arms,
talons 1, deformed body, regeneration 1
a: Dig, Renounce Religion, Heroism, Finesse


You were in the Arena.
You worshipped Okawaru.
Okawaru was greatly pleased with you.
You visited 2 branches of the dungeon, and saw 13 of its levels.
You visited the Abyss 1 time.
You also visited: Sewer.

You collected 875 gold pieces.


Innate Abilities, Weirdness & Mutations

You cannot be hasted, slowed, berserked, paralysed or teleported.
You can dig through walls and to a lower floor.
You have a pair of large antennae on your head. (SInv)
Your four strong arms can wield two-handed weapons with a shield.
You have sharp toenails.
Armour fits poorly on your strangely shaped body.
Your natural rate of healing is unusually fast.


   Skills:
 - Level 15.0 Fighting
 - Level 11.1 Axes
 - Level 15.0 Armour
 + Level 7.2 Shields
 + Level 5.3 Invocations


You had 12 spell levels left.
You didn't know any spells.
Your spell library contained the following spells:

 Spells                   Type           Power      Damage    Failure   Level
 Apportation              Tloc           0%         N/A       98%         1
 Freeze                   Ice            0%         1d3       98%         1
 Sandblast                Erth           0%         2d4       98%         1
 Shock                    Conj/Air       0%         1d3       98%         1
 Lesser Beckoning         Tloc           0%         N/A       99%         2
 Passwall                 Tmut/Erth      0%         N/A       99%         2
 Sublimation of Blood     Necr           0%         N/A       99%         2
 Frozen Ramparts          Ice            0%         1d1       100%        3
 Gell's Gravitas          Tloc           0%         N/A       100%        3
 Hailstorm                Conj/Ice       0%         3d3       100%        3
 Stone Arrow              Conj/Erth      0%         3d7       100%        3
 Teleport Other           Tloc           0%         N/A       100%        3
 Airstrike                Air            0%         2d(0-16)  100%        4
 Petrify                  Tmut/Erth      0%         N/A       100%        4
 Alistair's Intoxication  Tmut/Pois      0%         N/A       100%        5
 Irradiate                Conj/Tmut      0%         3d11      100%        5
 Orb of Destruction       Conj           0%         9d5       100%        7
 Lehudib's Crystal Spear  Conj/Erth      0%         10d2      100%        8
 Summon Guardian Golem    Hex/Summ       Unusable   N/A       N/A         3
 Swiftness                Air            Unusable   N/A       N/A         3
 Animate Armour           Summ/Erth      Unusable   N/A       N/A         4
 Spellforged Servitor     Conj/Summ      Unusable   N/A       N/A         7

Inventory:

Hand Weapons
 a - a +1 war axe
 q - a +1 broad axe of flaming (weapon)
   (You found it on level 8 of the Dungeon)
 N - a +1 war axe of holy wrath
   (Okawaru gifted it to you on level 11 of the Dungeon)
Missiles
 L - 2 throwing nets (quivered)
Armour
 b - a +0 scale mail
 c - a +1 buckler
 o - a +0 cloak (worn)
   (You found it on level 6 of the Dungeon)
 v - a +0 troll leather armour {Pargi}
   (You found it in a sewer)
 B - a +0 plate armour (worn)
   (You found it on level 7 of the Dungeon)
 M - a +2 pair of boots of flying (worn)
   (You found it on level 11 of the Dungeon)
 R - a +0 buckler of fire resistance (worn)
   (Okawaru gifted it to you on level 12 of the Dungeon)
Jewellery
 h - a ring of positive energy (left hand)
   (You found it on level 2 of the Dungeon)
 i - a ring of ice
   (You found it on level 10 of the Dungeon)
 j - an amulet of the acrobat
   (You found it on level 1 of the Dungeon)
 t - a ring of flight
   (You found it in a sewer)
 y - a ring of positive energy
   (You found it on level 6 of the Dungeon)
 z - a ring of magical power
   (You took it off an orc warrior on level 7 of the Dungeon)
 D - a ring of positive energy
   (You found it on level 8 of the Dungeon)
 I - an amulet of reflection (around neck)
   (You took it off an orc on level 10 of the Dungeon)
 K - a ring of ice
   (You found it on level 10 of the Dungeon)
 P - a ring of willpower (right hand)
   (You took it off a deep elf pyromancer on level 11 of the Dungeon)
Wands
 m - a wand of mindburst (9)
   (You found it on level 11 of the Dungeon)
 u - a wand of flame (4)
   (You found it on level 5 of the Dungeon)
 C - a wand of digging (1)
   (You found it on level 8 of the Dungeon)
 G - a wand of roots (2)
   (You took it off an orc warrior on level 9 of the Dungeon)
 O - a wand of polymorph (3)
   (You took it off a deep elf pyromancer on level 11 of the Dungeon)
Scrolls
 f - 4 scrolls of enchant armour
 g - 4 scrolls of magic mapping
 p - a scroll of vulnerability
 r - 5 scrolls of amnesia
 F - a scroll of enchant weapon
 J - 7 scrolls of identify
 Q - a scroll of noise {unknown}
Potions
 e - 2 potions of mutation
 l - a potion of flight
 n - 3 potions of brilliance
 w - a potion of magic {unknown}
 x - a potion of invisibility {unknown}
 A - 3 potions of attraction {unknown}
 H - a potion of resistance

Dungeon Overview and Level Annotations

Branches:
Dungeon (12/15) Zot: 26378  Temple (1/1) D:7 Zot: 5941    Lair (0/5) D:10
  Sewer (visited)
    Orc: D:9-12

Altars:
Ashenzari
Cheibriados
Dithmenos
Elyvilon
Fedhas
Gozag
Hepliaklqana
Kikubaaqudgha
Makhleb
Nemelex Xobeh
Okawaru
Qazlal
Ru
Sif Muna
Trog
Uskayaw
Vehumet
Wu Jian
Xom
Yredelemnul
Zin
The Shining One

Shops:
D:7 ?   D:9 (   D:10 ?[:::

Annotations:
D:10 2 transporters
D:12 Sonja

###############
#.p▓.p▓∩▓p.▓p.#
#▓▓▓▓▓▓▓▓▓▓▓▓▓#
#.....X.......#
#.8...X@....8.#
#....X........#
#▓▓▓▓▓▓▓▓▓▓▓▓▓#
#....pp▓pp....#
###############


You could see 3 starcursed masses.


Message History

Okawaru accepts your kill.
You feel sick. 😨 HP[-2]
You take 2 damage, and now have 36/115 hp.
Unknown command.
You feel sick. 😨 HP[-1]
You take 1 damage, and now have 35/115 hp.
You start resting.
You feel sick. x4
You are no longer poisoned. 😨 HP[-4] MP[+1]
You take 4 damage, and now have 31/115 hp.
Unknown command.
You start resting.
A starcursed mass comes into view.
A starcursed mass is nearby!
A starcursed mass is nearby!
Unknown command. 😨 MP[+1]
You start resting.
You sense a monster nearby.
You start resting.
A starcursed mass comes into view.
Unknown command.
A starcursed mass is nearby!
A starcursed mass splits.
The starcursed mass shrieks in your mind.
* * * LOW HITPOINT WARNING * * *
😱 HP[-8]
You take 8 damage, and now have 23/115 hp.
A starcursed mass splits.
There are monsters nearby!
Okay, then.
Aiming: Duel (56% risk of failure)
Press: ? - help, Dir - move target, f - starcursed mass
Aim: a starcursed mass You fail to use your ability. 😱 MP[+1]
Your mp is fully restored (16).
Aiming: Duel (56% risk of failure)
Press: ? - help, Dir - move target, f/p - starcursed mass
Aim: a starcursed mass You enter into single combat with the starcursed mass!
You enter Okawaru's Arena!
You can no longer enter into single combat with a foe.
Okawaru will no longer gift you equipment.
The spectator shouts! x8
The starcursed mass shrieks in your mind.
* * * LOW HITPOINT WARNING * * *
Found a gate leading back out of this place.
There is an empty arch of ancient stone here. 😱 HP[-6] MP[-7]
You take 6 damage, and now have 17/115 hp.
You lost 7 mp, and now have 9/16 mp.
You slice the starcursed mass!! You burn the starcursed mass.
You block the starcursed mass's attack.
Unknown command.
You slash the starcursed mass! You burn the starcursed mass.
A starcursed mass splits.
You slash the starcursed mass! You burn the starcursed mass.
You hit the starcursed mass but do no damage.
The starcursed mass shudders and is absorbed by its neighbour.
The starcursed mass shrieks in your mind.
* * * LOW HITPOINT WARNING * * *
😱 HP[-5]
You take 5 damage, and now have 12/115 hp.
You slash the starcursed mass! You burn the starcursed mass.
A starcursed mass splits.
A chorus of shrieks assaults your mind.
* * * LOW HITPOINT WARNING * * *
😱 HP[-9]
You take 9 damage, and now have 3/115 hp.
You slice the starcursed mass!! You burn the starcursed mass.
You destroy the starcursed mass!
Okawaru accepts your kill.
You hit the starcursed mass but do no damage.
A starcursed mass splits. 😱 MP[+1] Unknown command.
Unknown command.
You feel better.
You block the starcursed mass's attack. 😱 HP[+5]
You regained 5 hp, and now have 8/115 hp.
You can now deal lightning-fast blows.
A starcursed mass splits.
The starcursed mass touches you.
* * * LOW HITPOINT WARNING * * *
😱 HP[-6] MP[-5]
You take 6 damage, and now have 2/115 hp.
You lost 5 mp, and now have 5/17 mp.
You hit the starcursed mass but do no damage. x2
Unknown command.
Okay, then.
It was a potion of cancellation.
Your magical effects are unravelling.
You feel magically purged.
You feel your health improve.
The starcursed mass touches you but does no damage.
A chorus of shrieks assaults your mind.
You die...
Okawaru crowns the starcursed mass victorious!

Skill      XL: |  1  2  3  4  5  6  7  8  9 10 11 12 13 |
---------------+----------------------------------------+-----
Axes           | 3 11 | 11.1
Fighting       | 4 9 10 11 13 14 15 | 15.0
Armour         | 4 9 10 11 13 14 15 | 15.0
Invocations    | 5 |  5.3
Shields        | 7 |  7.2

Action                     |  1- 3 |  4- 6 |  7- 9 | 10-12 | 13-15 || total
---------------------------+-------+-------+-------+-------+-------++-------
  Melee: War axe           |    82 |   108 |   270 |    83 |       ||   543
         Broad axe         |       |       |       |   327 |   126 ||   453
  Throw: Throwing net      |       |       |       |     3 |       ||     3
 Invoke: Heroism           |       |       |       |     6 |     2 ||     8
         Finesse           |       |       |       |     2 |     2 ||     4
         Duel              |       |       |       |       |     2 ||     2
  Evoke: Wand              |       |       |       |     4 |       ||     4
    Use: Scroll            |     5 |     3 |     8 |     3 |       ||    19
         Potion            |     1 |     1 |     4 |     6 |     8 ||    20
   Stab: Held in net/web   |       |       |       |     3 |       ||     3
 Armour: Scale mail        |    34 |    27 |    26 |       |       ||    87
         Troll leather arm |       |       |    26 |       |       ||    26
         Skin              |       |       |    95 |       |       ||    95
         Chain mail        |       |       |    57 |       |       ||    57
         Plate armour      |       |       |       |   196 |    44 ||   240
  Dodge: Dodged            |    46 |    41 |   136 |   140 |     9 ||   372
  Block: Buckler           |    22 |    28 |    88 |   196 |    53 ||   387
         Reflection        |       |       |       |    10 |       ||    10

Levels and vault maps discovered:
D:1:      shiori_arrival_whats_in_store_for_you, layout_loops_ring,
          chequers_serial_rivers_small_a, minmay_octomino_e4
D:2:      layout_basic, uniq_sigmund
D:3:      layout_loops_corners
D:4:      layout_basic, kennysheep_little_box, portal_sewer_entry_d
D:5:      layout_gridville, serial_demonic, serial_demonic_b, serial_demonic_b,
          serial_demonic_g, serial_demonic_d
D:6:      layout_cave_pools, minmay_tree_intersection, grunt_decor_mini_mirrors,
          minmay_misc_feat_encased
D:7:      layout_rooms, mainiacjoe_overflow_small_starburst, lemuel_tele_altar,
          minmay_temple_entry_antechambers, serial_shops, kennysheep_mini_moat
D:8:      layout_rooms, pdpol_temple_overflow_zin_treasury_gozag_greed,
          xom_butterflies, uniq_joseph, uniq_amaemon, uniq_pikel
D:9:      layout_roguey, kiku_gazebo_pond_becter, doesnt_shop_hydraphobe
D:10:     layout_stronghold, mainiacjoe_overflow_paths, lair_entry_dummy,
          serial_shops, nicolae_shop_advertising_works
          [nicolae_subvault_shop_adworks], shop_statue, shop,
          nicolae_stop_n_shop_1, nicolae_shop_hallway_plus, nicolae_diode_stairs
D:11:     minmay_the_grid_octo_tiled_octocenter [minmay_the_grid_octo_empty,
          minmay_the_grid_octo_thin_diamonds, minmay_the_grid_octo_clover,
          minmay_the_grid_octo_odd_swirl, minmay_the_grid_octo_prize_star,
          minmay_the_grid_square_5x5_tie, minmay_the_grid_square_5x5_v,
          minmay_the_grid_square_5x5_doubleslash,
          minmay_the_grid_square_5x5_minimal], layout_basic,
          kennysheep_orc_monster_closet_entryway
D:12:     layout_basic, chequers_arboretum, lemuel_blue_sif_altar, uniq_kirke,
          uniq_sonja, uniq_lodul
Temple:   nicolae_temple_ecumenical_triangle
Arena

Notes
Turn   | Place    | Note
-------+----------+-------------------------------------------
     0 | D:1      | ytrimaz the Formicid Fighter began the quest for the Orb.
     0 | D:1      | Reached XP level 1. HP: 18/18 MP: 1/1
     0 | D:1      | magus.rc [v1.9.6]
     1 | D:1      | Noticed a demonspawn zombie
     5 | D:1      | Noticed a merfolk zombie
    14 | D:1      | Noticed a demonspawn zombie
    64 | D:1      | Reached XP level 2. HP: 24/24 MP: 2/2
   286 | D:1      | Reached skill level 3 in Axes
   364 | D:1      | You pick up a book of Dangerous Friends and begin
                  | reading...
   364 | D:1      | You add the spells Summon Guardian Golem, Orb of
                  | Destruction and Spellforged Servitor to your library.
   391 | D:1      | Reached XP level 3. HP: 28/29 MP: 3/3
   903 | D:1      | Identified a potion of experience
   909 | D:1      | Reached skill level 11 in Axes
   909 | D:1      | Reached XP level 4. HP: 35/35 MP: 4/4
  1117 | D:2      | Reached XP level 5. HP: 41/41 MP: 5/5
  1170 | D:2      | Noticed Sigmund
  1180 | D:2      | Killed Sigmund
  1181 | D:2      | Reached skill level 4 in Fighting
  1181 | D:2      | Reached skill level 4 in Armour
  1181 | D:2      | Reached XP level 6. HP: 40/48 MP: 6/6
  2807 | D:4      | Reached XP level 7. HP: 55/55 MP: 7/7
  2819 | D:4      | You pick up a book of Frost and begin reading...
  2819 | D:4      | You add the spells Freeze, Frozen Ramparts and Hailstorm to
                  | your library.
  3014 | D:4      | Found a glowing golden altar of the Shining One.
  3096 | D:4      | Found a glowing drain.
  3109 | Sewer    | Entered a sewer
  3193 | Sewer    | Noticed Pargi
  3205 | Sewer    | Killed Pargi
  3404 | D:4      | Reached skill level 9 in Fighting
  3404 | D:4      | Reached skill level 9 in Armour
  3404 | D:4      | Reached XP level 8. HP: 71/71 MP: 8/8
  3532 | D:4      | You pick up a book of Displacement and begin reading...
  3532 | D:4      | You add the spells Lesser Beckoning, Gell's Gravitas and
                  | Teleport Other to your library.
  3688 | D:5      | Entered Level 5 of the Dungeon
  3707 | D:5      | You pick up a book of Geomancy and begin reading...
  3707 | D:5      | You add the spells Sandblast, Passwall and Stone Arrow to
                  | your library.
  4243 | D:5      | Reached XP level 9. HP: 77/78 MP: 9/9
  4378 | D:5      | You pick up a book of Air and begin reading...
  4378 | D:5      | You add the spells Shock and Airstrike to your library.
  5244 | D:6      | Reached skill level 10 in Fighting
  5244 | D:6      | Reached skill level 10 in Armour
  5336 | D:6      | You pick up a book of Party Tricks and begin reading...
  5336 | D:6      | You add the spells Apportation and Alistair's Intoxication
                  | to your library.
  5548 | D:7      | Found a hide-covered altar of Uskayaw.
  5976 | D:7      | Found Vagenur's Magic Scroll Shop.
  6032 | D:7      | Found a broken altar of Ashenzari.
  6050 | D:7      | Found a staircase to the Ecumenical Temple.
  6059 | Temple   | Entered the Ecumenical Temple
  6100 | Temple   | Became a worshipper of Warmaster Okawaru
  6259 | D:8      | Found an opulent altar of Gozag.
  6282 | D:8      | Noticed Amaemon
  6306 | D:8      | Killed Amaemon
  6307 | D:8      | Reached XP level 10. HP: 62/86 MP: 10/10
  6557 | D:8      | Noticed an orange demon
  6573 | D:8      | Killed an orange demon
  6577 | D:8      | HP: 20/86 [poisoned by an orange demon]
  6582 | D:8      | HP: 13/86 [poisoned by an orange demon]
  6929 | D:8      | Noticed Pikel
  6974 | D:8      | Killed Pikel
  6974 | D:8      | Reached * piety under Okawaru
  6975 | D:8      | Reached skill level 11 in Fighting
  6975 | D:8      | Reached skill level 11 in Armour
  7068 | D:8      | Noticed Joseph
  7093 | D:8      | Killed Joseph
  7131 | D:8      | Noticed a cyclops
  7148 | D:8      | Killed a cyclops
  7192 | D:8      | Reached ** piety under Okawaru
  7193 | D:8      | Found a shimmering altar of Xom.
  7261 | D:8      | Noticed a cyclops
  7267 | D:8      | Killed a cyclops
  7440 | D:8      | Found a glowing silver altar of Zin.
  7619 | D:9      | Identified the +4 sling "Jotrozeg" {speed, rF+ rC+ Str+4}
  7632 | D:9      | Reached XP level 11. HP: 84/93 MP: 11/11
  7657 | D:9      | Identified the +0 leather armour "Otty" {*Corrode rF+ rC+++
                  | Int-3}
  7771 | D:9      | Found Taaruciw's Hydra Hut.
  7772 | D:9      | Noticed a seven-headed hydra
  7879 | D:9      | Reached *** piety under Okawaru
  8202 | D:9      | Found an ancient bone altar of Kikubaaqudgha.
  8494 | D:10     | Entered Level 10 of the Dungeon
  8587 | D:10     | Found Yblor's Book Shop.
  8592 | D:10     | Reached skill level 12 in Fighting
  8592 | D:10     | Reached skill level 12 in Armour
  8642 | D:10     | Found Asiguusic's Armour Boutique.
  8644 | D:10     | Found Ipuf's Magic Scroll Shop.
  8667 | D:10     | Found Weeff's Book Shoppe.
  8733 | D:10     | Found a shimmering blue altar of Sif Muna.
  8741 | D:10     | Noticed a two-headed ogre
  8752 | D:10     | Killed a two-headed ogre
  8752 | D:10     | Reached **** piety under Okawaru
  8881 | D:10     | Identified the +0 ring mail "Meruleh" {rElec rC- Str+2
                  | Dex+3}
  8937 | D:10     | Found Osufoguw's Book Shop.
  8940 | D:10     | Found a staircase to the Lair.
  8967 | D:10     | Found a transporter.
  9186 | D:10     | Found a transporter.
  9324 | D:11     | Noticed a skeletal warrior
  9419 | D:11     | Noticed a cyclops
  9437 | D:11     | HP: 18/96 [cyclops (10)]
  9439 | D:11     | Killed a cyclops
  9603 | D:11     | Noticed a cyclops
  9608 | D:11     | Noticed a boulder beetle
  9609 | D:11     | Killed a cyclops
  9620 | D:11     | Killed a boulder beetle
  9726 | D:11     | Noticed a wolf spider
  9729 | D:11     | Killed a wolf spider
  9730 | D:11     | Reached skill level 13 in Fighting
  9730 | D:11     | Reached skill level 13 in Armour
  9740 | D:11     | Noticed a tengu warrior
  9742 | D:11     | Noticed a centaur warrior
  9743 | D:11     | HP: 19/98 [poisoned by an orange demon]
  9745 | D:11     | Noticed a sixfirhy
  9746 | D:11     | Reached ***** piety under Okawaru
  9750 | D:11     | Reached XP level 12. HP: 29/105 MP: 12/12
  9751 | D:11     | HP: 26/105 [poisoned by an orange demon]
  9756 | D:11     | Killed a centaur warrior
  9756 | D:11     | HP: 13/105 [poisoned by an orange demon]
  9854 | D:11     | Killed a tengu warrior
 10025 | D:11     | You pick up a book of Armaments and begin reading...
 10028 | D:11     | You pick up a book of Alchemy and begin reading...
 10028 | D:11     | You add the spells Sublimation of Blood, Petrify and
                  | Irradiate to your library.
 10342 | D:11     | Noticed a boulder beetle
 10363 | D:11     | Killed a boulder beetle
 10366 | D:11     | Killed a skeletal warrior
 10366 | D:11     | Received a gift from Okawaru
 10367 | D:11     | Reached skill level 14 in Fighting
 10370 | D:11     | Reached skill level 14 in Armour
 10380 | D:11     | HP: 14/107 [acid dragon/splash of acid (24)]
 10476 | D:11     | HP: 9/107 [deep elf pyromancer/bolt of fire (19)]
 10788 | D:11     | Noticed a centaur warrior
 10803 | D:11     | Killed a centaur warrior
 10987 | D:11     | You are sucked into a shaft and drop 1 floor!
 11084 | D:12     | Found a shimmering blue altar of Sif Muna.
 11132 | D:12     | Received a gift from Okawaru
 11145 | D:12     | Noticed Lodul
 11335 | D:12     | Killed Lodul
 11497 | D:12     | Reached XP level 13. HP: 102/114 MP: 13/13
 11559 | D:12     | Noticed Kirke
 11579 | D:12     | Killed Kirke
 11580 | D:12     | Reached skill level 15 in Fighting
 11580 | D:12     | Reached skill level 15 in Armour
 11580 | D:12     | Noticed Sonja
 11584 | D:12     | Reached skill level 1 in Invocations
 11608 | D:12     | You are cast into the Abyss!
 11608 | Abyss:2  | Cast into level 2 of the Abyss (Sonja)
 11612 | Abyss:2  | HP: 28/115 [poisoned by Sonja (curare-tipped dart)]
 11617 | Abyss:2  | HP: 22/115 [poisoned by Sonja (curare-tipped dart)]
 11780 | Abyss:2  | Reached skill level 2 in Invocations
 11912 | Abyss:2  | HP: 13/115 [large abomination (26)]
 12037 | Abyss:2  | Reached skill level 5 in Shields
 12085 | Abyss:2  | Noticed a starcursed mass
 12097 | Abyss:2  | HP: 23/115 [starcursed mass/accursed screaming (8)]
 12102 | Abyss:2  | HP: 18/115 [starcursed mass/accursed screaming (4)]
 12104 | Arena    | Entered the Arena
 12123 | Arena    | Gained mutation: You have sharp toenails. [potion of
                  | mutation]
 12123 | Arena    | Gained mutation: Armour fits poorly on your strangely
                  | shaped body. [potion of mutation]
 12123 | Arena    | Gained mutation: Your natural rate of healing is unusually
                  | fast. [potion of mutation]
 12190 | Abyss:2  | Reached skill level 3 in Invocations
 12198 | Abyss:2  | Noticed a crystal guardian
 12281 | Abyss:2  | Noticed a tentacled starspawn
 12293 | Abyss:2  | Killed a tentacled starspawn
 12297 | Abyss:2  | Reached skill level 6 in Shields
 12297 | Abyss:2  | Reached skill level 4 in Invocations
 12319 | Abyss:2  | Reached skill level 7 in Shields
 12319 | Abyss:2  | Reached skill level 5 in Invocations
 12347 | Abyss:2  | Noticed a starcursed mass
 12352 | Abyss:2  | Noticed a starcursed mass
 12354 | Abyss:2  | HP: 23/115 [starcursed mass/accursed screaming (8)]
 12357 | Arena    | Entered the Arena
 12360 | Arena    | HP: 12/115 [starcursed mass/accursed screaming (5)]
 12361 | Arena    | HP: 3/115 [starcursed mass/accursed screaming (9)]
 12366 | Arena    | Killed from afar by a starcursed mass

Vanquished Creatures
  A tentacled starspawn (Abyss:2)
  Kirke (D:12)
  2 boulder beetles (D:11)
  2 centaur warriors (D:11)
  A two-headed ogre (D:10)
  A tengu warrior (D:11)
  3 hell hogs (Abyss:2)
  A skeletal warrior (D:11)
  Amaemon (D:8)
  Lodul (D:12)
  Pikel (D:8)
  2 deep elf pyromancers (D:11)
  5 cyclopes
  A wolf spider (D:11)
  3 manticores
  Joseph (D:8)
  A worldbinder (Abyss:2)
  2 orange demons
  A gargoyle (D:12)
  An unseen horror (D:11)
  3 kobold demonologists
  2 ancient zymes (Abyss:2)
  A komodo dragon (D:11)
  2 trolls
  A hornet (D:9)
  Sigmund (D:2)
  A wyvern (D:10)
  4 wraiths
  4 yaks
  A shadow (D:12)
  7 humans (D:12)
  3 large abominations (Abyss:2)
  A vampire mosquito (D:11)
  3 chaos spawn (Abyss:2)
  4 acid dragons
  4 orc warriors
  Pargi (Sewer)
  A black bear (D:7)
  7 ogres (D:12)
  5 centaurs
  4 lemures (D:8)
  A phantom (D:7)
  3 kobold brigands
  2 gnoll sergeants
  4 scorpions
  3 wights (D:8)
  16 killer bees
  6 howler monkeys
  2 jellies
  3 orc priests
  2 sleepcaps (D:6)
  3 hounds (D:5)
  2 gnoll boudas
  5 starcursed masses
  6 iguanas
  9 orc wizards
  19 gnolls
  9 adders
  2 shadow imps
  4 white imps
  4 ufetubi
  A worm (D:5)
  4 dart slugs
  23 orcs
  9 ball pythons
  8 endoplasms
  6 goblins
  6 hobgoblins
  11 jackals
  18 kobolds
  5 quokkas
  7 bats (D:1)
  4 frilled lizards
  7 rats
306 creatures vanquished.

Vanquished Creatures (others)
  A large abomination (Abyss:2)
  An orc wizard (D:5)
  11 demonic plants (D:5)
  A plant (D:9)
  3 starspawn tentacles (Abyss:2)
17 creatures vanquished.

Grand Total: 323 creatures vanquished

Table legend:
 A = Non-vault XP
 B = Vault XP
 C = Vault XP percentage of total XP
 D = Non-vault monster count
 E = Vault monster count
 F = Vault count percentage of total count
                 A         B        C        D         E       F
            +---------+---------+-------+---------+---------+-------
      Total |   19035 |   17657 |  48.1 |     236 |      60 |  20.3
            +---------+---------+-------+---------+---------+-------
        D:1 |      49 |       4 |   7.5 |      28 |       2 |   6.7
        D:2 |      58 |     226 |  79.6 |      23 |       1 |   4.2
        D:3 |     107 |       0 |   0.0 |      10 |       0 |   0.0
        D:4 |     147 |      14 |   8.7 |      20 |       1 |   4.8
        D:5 |     504 |      35 |   6.5 |      16 |       4 |  20.0
        D:6 |     481 |       0 |   0.0 |      18 |       0 |   0.0
        D:7 |    1046 |       0 |   0.0 |      21 |       0 |   0.0
        D:8 |    1430 |    2329 |  62.0 |      10 |       4 |  28.6
        D:9 |    1865 |       0 |   0.0 |      21 |       0 |   0.0
       D:10 |    2410 |       0 |   0.0 |      33 |       0 |   0.0
       D:11 |    1355 |   11968 |  89.8 |       7 |      30 |  81.1
       D:12 |    1709 |    2925 |  63.1 |       9 |       9 |  50.0
    Abyss:2 |    7631 |       0 |   0.0 |      18 |       0 |   0.0
      Sewer |       0 |     156 | 100.0 |       0 |       9 | 100.0
      Arena |     243 |       0 |   0.0 |       2 |       0 |   0.0
            +---------+---------+-------+---------+---------+-------

Illustrated notes

Table legend:
 A = Kills in this place as a percentage of kills in the entire game.
 B = Kills by you in this place as a percentage of kills by you in the entire game.
 C = Kills by friends in this place as a percentage of kills by friends in the entire game.
 D = Other kills in this place as a percentage of other kills in the entire game.
 E = Experience gained in this place as a percentage of experience gained in the entire game.
 F = Experience gained in this place divided by the number of levels of this place that you have seen.
                   A       B       C       D       E      F
               +-------+-------+-------+-------+-------+----------------------
         Total | 100.0 | 100.0 |   N/A | 100.0 | 100.0 | 2038.4
       Dungeon |  90.2 |  90.5 |   N/A |   0.0 |  78.1 | 2388.5
         Abyss |   6.1 |   5.8 |   N/A | 100.0 |  20.8 | 3815.5
         Sewer |   3.0 |   3.1 |   N/A |   0.0 |   0.4 | 156.0
         Arena |   0.7 |   0.7 |   N/A |   0.0 |   0.7 | 121.5
               +-------+-------+-------+-------+-------+----------------------

Table legend: (Time is in decaauts)
 A = Elapsed time spent in this place.
 B = Non-inter-level travel time spent in this place.
 C = Inter-level travel time spent in this place.
 D = Time resting spent in this place.
 E = Time spent auto-exploring this place.
 F = Levels seen in this place.
 G = Mean time per level.
                   A        B        C        D        E       F      G
               +--------+--------+--------+--------+--------+-----+--------+
         Total |  12416 |  11884 |    532 |   2036 |   7429 |  18 |  689.8 |
       Dungeon |  11422 |  10921 |    501 |   1462 |   7307 |  12 |  951.8 |
        Temple |     58 |     27 |     31 |      0 |     18 |   1 |   58.0 |
         Abyss |    715 |    715 |      0 |    562 |      0 |   2 |  357.5 |
         Sewer |    189 |    189 |      0 |      0 |    104 |   1 |  189.0 |
         Arena |     29 |     29 |      0 |     12 |      0 |   2 |   14.5 |
               +--------+--------+--------+--------+--------+-----+--------+

Top non-repeatable levels by time:
    D:11: 1656 daAuts
     D:8: 1051 daAuts
     D:1: 1008 daAuts
     D:3: 997 daAuts
     D:9: 989 daAuts
     D:5: 920 daAuts
     D:2: 910 daAuts
     D:7: 861 daAuts
     D:4: 841 daAuts
    D:10: 839 daAuts
     D:6: 726 daAuts
 Abyss:2: 715 daAuts
    D:12: 620 daAuts
   Sewer: 189 daAuts
  Temple: 58 daAuts
